Map: Simulacrum LE

Players

antagomiR - Winner!

  • Race: Protoss Protoss
  • League: Gold
  • Spawn Location: 11:00

Stealth

  • Race: Terran Terran
  • League: Silver
  • Spawn Location: 5:00

VOD

Have the link to the VOD?

Description

Time

  • Played on: April 1, 2020, 7:23 p.m.
  • Length: 15:16
Show
View Real Time Build Order
Export as new Build Order

antagomiR Protoss - Winner!

Build Orders: Archon Immortal 

Get SALT Encoding   

  12  0:01  Probe  
  13  0:13  Probe  
  14  0:23  Pylon  
  14  0:25  Probe  
  15  0:41  Probe  
  16  0:42  Gateway  
  16  0:53  Probe  
  17  1:01  Assimilator  
  17  1:05  Probe  
  18  1:13  Assimilator  
  18  1:17  Probe  
  20  1:32  Probe  
  20  1:36  Cybernetics Core  
  19  1:49  Probe  
  20  1:55  Pylon  
  20  2:01  Probe  
  20  2:06  Warp Gate (Chrono Boost)  
  21  2:13  Probe, Stalker (Chrono Boost)  
  24  2:25  Probe  
  25  2:37  Nexus  
  25  2:39  Probe, Pylon  
  26  2:49  Robotics Facility  
  26  2:52  Probe  
  27  3:04  Probe, Shield Battery  
  28  3:16  Probe  
  28  3:19  Gateway  
  29  3:24  Gateway  
  29  3:29  Probe  
  30  3:37  Sentry  
  30  3:41  Probe  
  33  3:52  Probe  
  33  3:53  Probe  
  35  3:59  Observer  
  36  4:05  Probe x2  
  38  4:11  Twilight Council  
  39  4:17  Probe, Pylon  
  39  4:21  Sentry  
  39  4:22  Zealot  
  39  4:23  Zealot  
  45  4:30  Immortal  
  49  4:33  Probe  
  49  4:34  Probe  
  51  4:40  Assimilator  
  51  4:46  Probe  
  52  4:53  Templar Archives  
  52  4:57  Pylon  
  52  5:02  Pylon  
  52  5:05  Probe x2  
  54  5:17  Probe x2  
  56  5:29  Probe x2  
  58  5:41  Probe x2  
  60  5:45  Immortal  
  60  5:47  High Templar  
  60  5:48  High Templar  
  68  5:53  Probe  
  68  5:55  Assimilator  
  69  6:00  Probe  
  70  6:05  Probe  
  70  6:10  Charge (Chrono Boost)  
  71  6:11  Gateway  
  71  6:13  Probe, Gateway  
  71  6:15  Gateway  
  72  6:21  Forge  
  72  6:24  Immortal  
  76  6:29  Pylon  
  76  6:31  Pylon, Archon  
  76  6:42  Probe x2  
  78  6:50  Nexus  
  78  6:54  Probe x2, Pylon  
  80  6:56  High Templar x2  
  80  6:57  High Templar, Pylon  
  86  7:03  Archon  
  86  7:06  Probe  
  87  7:17  High Templar  
  87  7:18  Pylon  
  87  7:21  Pylon  
  89  7:23  Zealot x2  
  89  7:26  Archon  
  93  7:38  Shield Battery  
  93  7:40  Photon Cannon  
  93  7:41  Protoss Ground Weapons Level 1 (Chrono Boost)  
  93  7:44  Photon Cannon  
  93  7:46  Photon Cannon  
  93  7:50  Photon Cannon  
  93  7:54  Zealot x2  
  93  7:55  Zealot x4  
  105  8:03  Immortal  
  109  8:07  Probe x2  
  109  8:08  Probe  
  112  8:13  Assimilator  
  112  8:15  Assimilator  
  112  8:19  Probe x2  
  104  8:36  Probe x2  
  104  8:37  Probe  
  104  8:38  High Templar x2  
  104  8:39  High Templar x2  
  115  8:42  Archon  
  115  8:43  Archon, Immortal  
  115  8:46  Zealot x2  
  123  8:48  Probe  
  123  8:49  Probe  
  123  9:05  Gateway  
  123  9:06  Gateway  
  123  9:08  High Templar  
  123  9:09  High Templar  
  127  9:12  Archon  
  127  9:20  Probe  
  127  9:21  Probe x2  
  120  9:35  Zealot x2  
  120  9:37  Immortal  
  112  10:02  High Templar x4  
  112  10:04  Nexus  
  112  10:05  Zealot x3  
  112  10:06  Zealot  
  128  10:07  Pylon  
  128  10:08  Protoss Ground Weapons Level 2 (Chrono Boost), Archon x2  
  128  10:10  Pylon  
  128  10:17  Immortal  
  128  10:20  Stargate  
  132  10:33  Shield Battery  
  132  10:36  Photon Cannon  
  132  10:38  Photon Cannon  
  132  10:42  Photon Cannon  
  132  10:56  Observer, Stalker x2  
  137  10:58  Sentry x2  
  137  10:59  Sentry  
  137  11:01  High Templar, Zealot x2  
  150  11:18  Probe x3  
  150  11:19  Probe  
  151  11:30  Probe  
  151  11:31  Sentry  
  154  11:32  High Templar  
  154  11:33  High Templar x2  
  160  11:43  Probe x4  
  155  11:49  Archon  
  155  11:52  High Templar x2  
  159  11:55  Probe  
  159  11:58  Zealot  
  159  12:00  Zealot  
  164  12:02  High Templar  
  166  12:11  High Templar  
  166  12:13  Zealot x2  
  172  12:15  Archon  
  172  12:23  Pylon  
  172  12:25  Pylon  
  172  12:27  Pylon  
  172  12:31  Stargate  
  172  12:35  Stargate  
  172  12:46  Archon  
  172  12:48  Archon  
  172  12:49  Zealot  
  172  12:50  High Templar  
  176  12:52  Zealot x5  
  176  12:53  Zealot  
  188  13:13  Probe x3  
  188  13:14  Probe  
  192  13:31  Zealot x2  
  196  13:36  Pylon  
  196  13:41  Pylon  
  196  13:43  Pylon  
  196  13:44  Pylon  
  196  13:45  Pylon  
  196  13:47  Pylon  
  196  13:49  Pylon  
  196  14:02  Zealot  
  198  14:03  Zealot  
  192  14:58  Zealot  
  192  14:59  Zealot x2  
  198  15:01  Zealot  
Show
View Real Time Build Order
Export as new Build Order

Stealth Terran 

Build Orders:  

Get SALT Encoding   

  12  0:02  SCV  
  13  0:15  SCV  
  14  0:25  Supply Depot  
  14  0:27  SCV  
  15  0:30  Refinery  
  15  0:47  SCV  
  15  0:49  Barracks  
  16  0:59  SCV  
  18  1:11  SCV  
  18  1:23  SCV  
  19  1:38  Marine  
  20  1:41  Orbital Command  
  20  1:59  Barracks Reactor  
  20  2:08  SCV  
  21  2:16  Command Center  
  21  2:20  SCV  
  21  2:22  Supply Depot  
  22  2:28  Refinery  
  22  2:32  SCV  
  23  2:44  SCV  
  24  2:56  SCV  
  25  3:05  Marine  
  25  3:06  Marine  
  25  3:08  SCV  
  28  3:13  Factory  
  28  3:21  SCV  
  28  3:23  Marine x2  
  31  3:33  SCV  
  33  3:36  Supply Depot  
  33  3:37  Orbital Command  
  32  3:41  Marine x2  
  32  3:45  SCV  
  35  3:57  SCV  
  35  3:58  Widow Mine  
  35  3:59  Marine x2  
  40  4:06  Starport  
  40  4:09  SCV  
  41  4:12  SCV  
  42  4:17  Marine x2  
  42  4:20  Supply Depot  
  42  4:21  SCV  
  42  4:24  SCV  
  46  4:33  SCV  
  46  4:34  Marine  
  46  4:35  Marine  
  46  4:36  SCV  
  51  4:45  SCV  
  51  4:47  Engineering Bay  
  51  4:48  SCV, Factory Tech Lab  
  51  4:51  Supply Depot  
  51  4:52  Marine  
  52  4:57  SCV  
  54  5:00  SCV  
  54  5:02  Barracks  
  54  5:04  Marine  
  56  5:09  SCV  
  56  5:10  Marine  
  56  5:12  SCV, Widow Mine  
  61  5:17  Barracks  
  61  5:22  SCV  
  61  5:24  SCV  
  61  5:26  Refinery  
  63  5:33  Marine x2  
  63  5:34  SCV  
  66  5:36  SCV  
  67  5:46  SCV, Starport Tech Lab  
  67  5:48  SCV  
  67  5:49  Refinery  
  69  5:50  Marine  
  69  5:52  Supply Depot  
  70  6:06  Supply Depot  
  70  6:13  Marine x2, SCV x2  
  70  6:16  Factory Reactor  
  74  6:23  Supply Depot  
  74  6:25  Combat Shield, SCV x2, Supply Depot  
  76  6:26  Starport Reactor  
  76  6:27  Stimpack  
  76  6:29  Supply Depot, Terran Infantry Weapons Level 1  
  76  6:31  Marine x2  
  78  6:37  SCV x2  
  80  6:41  Marauder x2  
  84  6:49  Marine, SCV x2  
  87  6:58  Marine  
  88  7:02  SCV x2  
  88  7:03  Marauder x2  
  88  7:05  Supply Depot  
  88  7:06  Marine  
  88  7:07  Supply Depot  
  95  7:13  Medivac  
  95  7:14  SCV x2, Medivac  
  101  7:16  Marine  
  102  7:24  Marine, Marauder x2  
  102  7:26  SCV x2  
  109  7:32  Widow Mine x2  
  109  7:34  Marine  
  114  7:38  SCV x2  
  114  7:42  Marine  
  116  7:45  Marauder  
  116  7:46  Marauder  
  118  7:52  Marine  
  118  7:56  SCV x2  
  121  8:00  Marine  
  122  8:06  Marine  
  122  8:07  Concussive Shells, Marauder  
  122  8:08  SCV  
  122  8:11  Supply Depot  
  122  8:12  Supply Depot  
  126  8:21  SCV  
  126  8:24  Marine, Terran Infantry Armor Level 1  
  126  8:25  SCV  
  126  8:27  Marine x2  
  126  8:29  Medivac x2  
  126  8:33  SCV, Supply Depot  
  113  8:37  SCV, Supply Depot  
  114  8:42  Marauder  
  114  8:43  Marauder  
  114  8:44  Marine x2, Widow Mine x2  
  114  8:45  SCV  
  125  8:49  SCV  
  126  8:56  Supply Depot  
  126  8:59  Medivac  
  126  9:00  Supply Depot  
  126  9:02  Marine x2  
  128  9:03  Marauder  
  128  9:04  Marauder  
  134  9:16  Widow Mine  
  136  9:17  Widow Mine  
  136  9:20  Marine x2  
  140  9:24  Marine  
  140  9:25  Armory, Marauder  
  127  9:38  Marine  
  103  9:40  Marine  
  103  9:42  Marauder  
  97  9:47  Marauder  
  97  9:51  SCV x2  
  101  9:56  Marine  
  101  9:57  Medivac  
  101  9:58  Marine, Medivac  
  107  10:03  SCV x2  
  107  10:04  Marauder  
  111  10:08  Marauder  
  111  10:12  Widow Mine x2  
  117  10:15  SCV x2  
  119  10:24  Terran Infantry Weapons Level 2  
  119  10:25  Marauder  
  119  10:26  Terran Vehicle Weapons Level 1  
  119  10:27  SCV x2, Medivac  
  119  10:28  Medivac  
  127  10:34  Widow Mine x2  
  131  10:39  SCV x2  
  133  10:51  SCV x2  
  133  10:55  Widow Mine x2  
  139  10:57  Medivac  
  139  10:58  Medivac  
  139  11:03  SCV x2  
  145  11:12  Command Center  
  145  11:15  SCV x2  
  145  11:16  Widow Mine  
  149  11:27  SCV, Medivac  
  149  11:28  SCV  
  154  11:40  SCV x2  
  129  11:52  SCV x2  
  129  11:54  Marine x2, Marauder x2  
  132  12:04  SCV x2  
  134  12:12  Marine  
  134  12:15  Marauder x2  
  139  12:16  SCV x2  
  141  12:28  SCV x2  
  143  12:36  Marauder  
  147  12:37  Marauder, Command Center  
  147  12:40  SCV x2  
  149  13:01  Marauder x2  
  153  13:06  Marine x2  
  153  13:09  Widow Mine  
  153  13:11  Widow Mine  
  159  13:14  Medivac  
  159  13:19  Medivac  
  163  13:22  SCV, Marauder x2  
  168  13:43  Marauder  
  168  13:44  Barracks  
  168  13:48  Barracks  
  170  13:50  Barracks  
  170  13:51  Barracks  
  170  13:52  Fusion Core  
  170  13:55  SCV x2  
  172  13:58  Factory  
  172  14:00  Factory  
  172  14:01  Factory  
  172  14:05  Engineering Bay  
  172  14:07  SCV  
  104  14:24  Marauder x2  
  104  14:26  Marine x2  
  100  14:38  Barracks  
  75  14:46  Marauder  
  73  14:54  Factory  
  73  14:56  Factory  
  73  14:58  Factory  
Tags
 
Composition
Archon Immortal
Matchup
PvT
Replay Pack
20200422
Spawn Locations
Cross Positions
Add a new tag
Caveats
  • Supply blocks, unpowered buildings, or Contaminate may cause inaccurate times.
  • Supply counts are checked every 10 seconds.